Map: Winter's Gate LE

Players

Reynor - Winner!

  • Race: Zerg Zerg
  • Spawn Location: 11:00

uThermal

  • Race: Terran Terran
  • Spawn Location: 5:00

VOD

Have the link to the VOD?

Description

Time

  • Played on: Sept. 7, 2019, 3:53 p.m.
  • Length: 7:29
Show
View Real Time Build Order
Export as new Build Order

Reynor Zerg - Winner!

Build Orders: Hatch First 

Get SALT Encoding   

  12  0:00  Drone  
  13  0:12  Overlord  
  13  0:17  Drone  
  14  0:30  Drone x2  
  16  0:47  Hatchery  
  15  0:50  Drone  
  15  0:55  Drone  
  17  0:57  Drone  
  18  1:09  Extractor  
  17  1:13  Spawning Pool  
  17  1:16  Drone  
  17  1:19  Drone  
  18  1:28  Drone  
  19  1:39  Drone  
  20  1:49  Overlord  
  20  2:00  Queen x2, Zergling x4  
  26  2:10  Drone x2  
  28  2:23  Hatchery  
  28  2:25  Drone  
  28  2:29  Drone  
  29  2:33  Metabolic Boost  
  29  2:36  Drone  
  30  2:42  Queen  
  31  2:50  Zergling x6  
  34  2:55  Overlord  
  34  2:57  Zergling x2  
  35  3:11  Overlord  
  35  3:12  Queen  
  35  3:15  Zergling x6  
  38  3:21  Zergling x6  
  41  3:30  Queen  
  41  3:31  Zergling x2  
  41  3:33  Zergling x2  
  45  3:38  Zergling x2  
  45  3:39  Zergling x4  
  48  3:46  Zergling x2  
  48  3:47  Queen  
  51  3:52  Zergling x4  
  53  3:57  Drone x2  
  55  4:03  Drone x2  
  56  4:12  Zergling x6  
  56  4:14  Zergling x2  
  55  4:18  Zergling x6  
  55  4:19  Zergling x2  
  55  4:27  Drone x2  
  55  4:30  Drone x2  
  58  4:38  Overlord  
  58  4:45  Overlord  
  58  4:46  Evolution Chamber  
  58  4:47  Drone  
  58  4:48  Drone  
  58  4:52  Overlord  
  57  4:56  Drone  
  57  4:57  Drone x3  
  61  5:00  Drone x2  
  61  5:01  Drone x2  
  61  5:03  Queen  
  61  5:06  Drone  
  68  5:08  Drone  
  68  5:11  Drone  
  70  5:14  Zerg Ground Armor Level 1  
  70  5:18  Drone x2  
  70  5:19  Drone  
  70  5:20  Drone  
  74  5:24  Drone  
  74  5:25  Drone  
  74  5:27  Drone x2  
  78  5:29  Drone x2  
  78  5:34  Zergling x2  
  81  5:37  Overlord  
  81  5:38  Overlord  
  81  5:54  Overlord  
  81  5:56  Lair  
  81  5:58  Drone x9  
  81  5:59  Drone x3  
  81  6:01  Extractor x2  
  81  6:03  Drone x2  
  93  6:10  Extractor  
  93  6:11  Drone x3  
  93  6:12  Baneling Nest  
  93  6:13  Zergling x4  
  93  6:16  Queen  
  93  6:17  Zergling x2  
  99  6:24  Zergling x6  
  102  6:26  Zergling x4  
  102  6:27  Extractor  
  102  6:29  Zergling x2  
  102  6:31  Zergling x2, Hatchery  
  104  6:35  Zergling x4  
  104  6:36  Overlord x2  
  104  6:38  Zergling x2  
  105  6:44  Zergling x2  
  105  6:57  Drone x2  
  105  6:58  Drone  
  105  6:59  Zergling x10, Extractor  
  112  7:02  Zergling x2  
  112  7:03  Zergling x2  
  112  7:07  Baneling  
  112  7:08  Baneling x8  
  117  7:11  Zergling x2  
  117  7:12  Zergling x4  
  117  7:27  Spire  
Show
View Real Time Build Order
Export as new Build Order

uThermal Terran 

Build Orders:  

Get SALT Encoding   

  12  0:01  SCV  
  13  0:13  SCV  
  14  0:17  Supply Depot  
  14  0:25  SCV  
  15  0:39  SCV  
  15  0:40  Barracks  
  16  0:43  Refinery  
  16  0:51  SCV  
  17  0:59  Barracks  
  17  1:04  SCV  
  18  1:16  SCV  
  19  1:27  Reaper  
  19  1:28  Orbital Command  
  20  1:35  Barracks  
  20  1:41  Refinery  
  20  1:46  Reaper  
  21  1:52  Supply Depot  
  21  1:56  SCV  
  22  2:02  Reaper  
  23  2:14  SCV  
  24  2:18  Supply Depot, Reaper  
  26  2:22  Reaper  
  26  2:26  SCV  
  27  2:34  Reaper  
  28  2:38  SCV  
  29  2:50  Reaper  
  30  2:55  Command Center  
  30  2:57  Reaper  
  31  3:06  Reaper  
  31  3:09  Engineering Bay  
  31  3:11  SCV  
  33  3:22  Reaper  
  33  3:23  SCV  
  35  3:27  Barracks  
  35  3:36  Barracks  
  35  3:39  Terran Infantry Weapons Level 1  
  35  3:41  SCV  
  36  3:44  Reaper  
  37  3:50  Reaper  
  37  3:53  SCV  
  39  4:06  SCV, Reaper  
  37  4:17  Reaper  
  37  4:18  SCV  
  38  4:26  Reaper  
  38  4:28  Orbital Command  
  38  4:29  Reaper  
  36  4:31  SCV, Reaper  
  37  4:43  Reaper  
  37  4:44  Barracks x3  
  37  4:49  Reaper  
  37  4:50  SCV  
  39  4:55  SCV  
  39  4:58  Reaper  
  41  5:02  SCV  
  41  5:05  Supply Depot, Refinery  
  42  5:07  SCV  
  42  5:08  Refinery  
  42  5:10  Reaper  
  44  5:14  SCV  
  44  5:16  Supply Depot  
  44  5:18  Reaper  
  44  5:19  SCV  
  47  5:26  SCV  
  47  5:28  Supply Depot, Reaper  
  49  5:31  SCV  
  50  5:39  Command Center  
  50  5:42  Reaper  
  51  5:44  SCV, Reaper  
  51  5:46  SCV  
  54  5:50  Reaper  
  54  5:51  Reaper  
  54  5:56  SCV  
  58  5:57  Reaper  
  58  5:58  SCV, Reaper  
  58  6:02  Reaper  
  61  6:08  SCV, Reaper  
  61  6:10  SCV  
  64  6:17  Reaper x2  
  66  6:20  SCV  
  66  6:21  Supply Depot  
  66  6:23  SCV, Reaper  
  69  6:27  Reaper  
  71  6:32  SCV  
  71  6:35  SCV, Reaper  
  71  6:37  Reaper  
  74  6:43  Reaper  
  74  6:45  SCV  
  76  6:49  SCV  
  76  6:51  Command Center  
  77  6:55  Reaper x2  
  77  6:57  SCV, Reaper  
  81  7:01  SCV  
  83  7:09  SCV  
Tags
 
Add a new tag
Caveats
  • Supply blocks, unpowered buildings, or Contaminate may cause inaccurate times.
  • Supply counts are checked every 10 seconds.